 Dungeon Crawl Stone Soup version 0.15.0-12-gccce430 (webtiles) character file.

1475 Johnny the Chopper (level 9, -6/69 HPs)
             Began as a Human Berserker on Sept 2, 2014.
             Was an Elder of Trog.
             Mangled by an ogre
             ... wielding a +0 giant spiked club
              (12 damage)
             ... on Level 6 of the Dungeon.
             The game lasted 00:14:53 (6425 turns).

Johnny the Chopper (Human Berserker)                Turns: 6425, Time: 00:14:53

HP  -6/69        AC 13     Str 17      XL: 9   Next:  6%
MP   9/9         EV  2     Int  9      God: Trog [****..]
Gold 334         SH  9     Dex 15      Spells:  0 memorised,  8 levels left

rFire  . . .     SeeInvis .     x - +0 war axe
rCold  . . .     Clarity  .     n - +0 plate armour
rNeg   . . .     rCorr    .     E - +0 shield
rPois  +         rRot     .     (no helmet)
rElec  .         Spirit   .     o - +0 cloak
SustAb .         Warding  .     (no gloves)
rMut   +         Stasis   .     (no boots)
Gourm  .                        k - amulet of resist mutation
MR     ++...                    s - ring of poison resistance
                                b - ring of flight

@: exhausted, regenerating, slowed, drained, very slow, very resistant to
hostile enchantments, extremely unstealthy
A: no striking features
a: Burn Spellbooks, Berserk, Trog's Hand, Brothers in Arms, Renounce Religion,
Evoke Flight


You were on level 6 of the Dungeon.
You worshipped Trog.
Trog was greatly pleased with you.
You were not hungry.

You visited 1 branch of the dungeon, and saw 6 of its levels.

You collected 334 gold pieces.

Inventory:

Hand weapons
 x - a +0 war axe (weapon)
Armour
 n - a +0 plate armour (worn)
 o - a +0 cloak (worn)
 E - a +0 shield (worn)
Magical devices
 j - a wand of flame (6)
Comestibles
 v - a meat ration
 z - 2 bread rations
 B - 3 fruits
Scrolls
 a - a scroll of fear {unknown}
 c - a scroll of enchant armour
 e - a scroll of teleportation {unknown}
 g - 2 scrolls of enchant weapon
 h - 2 scrolls of magic mapping
 r - a scroll of recharging {unknown}
 t - a scroll of fog {unknown}
 w - 2 scrolls of remove curse
 y - a scroll of immolation {unknown}
 D - a scroll of acquirement {unknown}
Jewellery
 b - a ring of flight (left hand)
 d - an uncursed ring of loudness
 k - an amulet of resist mutation (around neck)
 s - a ring of poison resistance (right hand)
 F - an uncursed ring of protection from magic {unknown}
Potions
 f - 3 potions of curing
 i - 2 potions of heal wounds
 l - a potion of haste {unknown}
 p - a potion of cure mutation {unknown}
 q - 2 potions of poison {unknown}
 u - a potion of agility {unknown}
 A - a potion of invisibility {unknown}


   Skills:
 + Level 5.9 Fighting
 + Level 6.1(6.2) Axes
   Level 0.8(3.9) Polearms
 + Level 5.1(5.0) Armour
 + Level 5.1(5.0) Dodging
 + Level 2.8 Shields
 + Level 0.2 Evocations


You had 8 spell levels left.
You didn't know any spells.

Dungeon Overview and Level Annotations

Branches:
Dungeon (6/15)             Temple (0/1) D:5

Altars:
Okawaru
Qazlal
Zin
The Shining One


Message History

You slash the ogre!
The ogre is severely wounded.
The ogre hits you with a giant spiked club!!
Your shield and plate armour prevent you from hitting the ogre.
The ogre is severely wounded.
You are no longer berserk.
Trog's vigour flows through your veins.
You are exhausted.
You feel yourself slow down. The ogre barely misses you.
You hit the ogre.
The ogre is severely wounded.
The ogre hits you with a giant spiked club.
You hit the ogre.
The ogre is severely wounded.
You block the ogre's attack.
You hit the ogre but do no damage.
The ogre is severely wounded.
The ogre hits you with a giant spiked club!!
* * * LOW HITPOINT WARNING * * *
The ogre hits you with a giant spiked club!
You die...

#.#####.# #.#
#.# .........
#.# #.##
(.####.### #.#
#..# ### . #.#
##.# #.. #.#
#.# ##..#####
#.# #.#
....O..>...#
#.# #.# ###
#.####.#####.#
#.....O@.....#
######)#######
#########.#
..........#
###########


You could see an ogre.

Vanquished Creatures
  The ghost of Johnny the Chopper, an average HuBe of Trog (D:4)
  An ice beast (D:5)
  A phantom (D:4)
  4 ogres
  Sigmund (D:3)
  A giant frog (D:3)
  A scorpion (D:4)
  2 crimson imps
  Crazy Yiuf (D:2)
  4 orc wizards
  An iguana (D:5)
  A worker ant (D:4)
  Jessica (D:3)
  A big kobold zombie (D:5)
  A hound zombie (D:6)
  7 gnolls
  4 adders
  A shadow imp (D:4)
  2 giant mites
  5 worms
  An iguana skeleton (D:4)
  A giant gecko (D:2)
  An ooze (D:1)
  10 orcs
  19 bats
  A bat skeleton (D:4)
  A bat zombie (D:5)
  5 giant cockroaches
  13 hobgoblins
  3 jackals (D:1)
  7 kobolds
  3 quokkas
  8 giant newts
  12 goblins
  A kobold skeleton (D:4)
  An orc skeleton (D:4)
  An orc zombie (D:5)
  7 rats
  2 rat skeletons (D:4)
138 creatures vanquished.

Notes
Turn   | Place    | Note
--------------------------------------------------------------
     0 | D:1      | Johnny, the Human Berserker, began the quest for the Orb.
     0 | D:1      | Reached XP level 1. HP: 18/18 MP: 1/1
   129 | D:1      | Reached XP level 2. HP: 14/24 MP: 2/2
   434 | D:1      | Reached XP level 3. HP: 15/29 MP: 3/3
   666 | D:1      | Acquired Trog's second power
   859 | D:1      | Noticed an ogre
   864 | D:1      | Killed an ogre
   864 | D:1      | Reached skill level 4 in Fighting
   864 | D:1      | Reached XP level 4. HP: 17/37 MP: 4/4
   864 | D:1      | Reached XP level 5. HP: 19/42 MP: 5/5
  2226 | D:2      | Found an iron altar of Okawaru.
  2417 | D:2      | Noticed Crazy Yiuf
  2427 | D:2      | Killed Crazy Yiuf
  2427 | D:2      | Reached XP level 6. HP: 49/49 MP: 6/6
  2626 | D:3      | Noticed Sigmund
  2644 | D:3      | Killed Sigmund
  2758 | D:3      | Reached XP level 7. HP: 43/55 MP: 7/7
  2826 | D:3      | Reached skill level 1 in Shields
  3058 | D:3      | Noticed Jessica
  3063 | D:3      | Killed Jessica
  3447 | D:4      | Reached skill level 5 in Fighting
  3765 | D:4      | Reached skill level 5 in Axes
  3765 | D:4      | Reached XP level 8. HP: 48/63 MP: 8/8
  3917 | D:4      | Noticed Johnny's ghost (average HuBe)
  3953 | D:4      | Killed Johnny's ghost
  4917 | D:5      | Entered Level 5 of the Dungeon
  5164 | D:5      | Found a staircase to the Ecumenical Temple.
  5360 | D:5      | Reached skill level 5 in Dodging
  5410 | D:5      | Found a stormy altar of Qazlal.
  5417 | D:5      | Noticed an air elemental
  5572 | D:5      | Acquired Trog's third power
  5650 | D:5      | Reached skill level 5 in Armour
  5692 | D:5      | Found a glowing silver altar of Zin.
  5805 | D:5      | Found a glowing golden altar of the Shining One.
  6131 | D:6      | Reached skill level 6 in Axes
  6131 | D:6      | Reached XP level 9. HP: 53/69 MP: 9/9
  6425 | D:6      | Mangled by an ogre

Action                   |  1- 3 |  4- 6 |  7- 9 || total
-------------------------+-------+-------+-------++-------
Melee: Hand axe          |    84 |   160 |    26 ||   270
       Scythe            |       |    28 |       ||    28
       War axe           |       |       |   338 ||   338
Invok: Berserk           |     1 |     6 |     5 ||    12
       Trog's Hand       |       |     2 |     5 ||     7
       Burn Spellbooks   |       |       |     2 ||     2
Evoke: Wand              |       |       |     1 ||     1
  Use: Scroll            |       |     4 |     3 ||     7
       Potion            |       |       |     1 ||     1
  Eat: Chunk             |       |     6 |     9 ||    15
       Bread ration      |       |     1 |     2 ||     3
       Beef jerky        |       |     1 |       ||     1
       Royal jelly       |       |       |     1 ||     1
